 Dungeon Crawl Stone Soup version 0.20.1-1-g8b1a95d (webtiles) character file.

250 ledodger the Ruffian (level 5, -16/53 HPs)
             Began as a Troll Fighter on Aug 28, 2017.
             Demolished by a two-headed ogre
             ... wielding a +0 giant club
              (34 damage)
             ... on level 5 of the Dungeon.
             The game lasted 00:15:59 (2926 turns).

ledodger the Ruffian (Troll Fighter)                Turns: 2926, Time: 00:15:59

Health: -16/53     AC:  6    Str: 25    XL:     5   Next: 88%
Magic:  4/4        EV:  9    Int:  4    God:
Gold:   172        SH:  9    Dex:  9    Spells: 4/4 levels left

rFire    . . .     SeeInvis .     - Unarmed
rCold    . . .     Gourm    +   b - +0 shield
rNeg     . . .     Faith    .   a - +1 robe
rPois    .         Spirit   .   (helmet restricted)
rElec    .         Reflect  .   (no cloak)
rCorr    .         Harm     .   (gloves unavailable)
MR       .....                  (boots unavailable)
Stlth    +.........             (no amulet)
Regen    0.6/turn               (no ring)
MPRegen  0.1/turn               (no ring)

@: no status effects
A: unfitting armour, claws 3, fast metabolism 3, gourmand, regeneration 1,
shaggy fur 1, tough skin 2
a: no special abilities


You were on level 5 of the Dungeon.
You were very full.

You visited 1 branch of the dungeon, and saw 5 of its levels.

You collected 172 gold pieces.

Inventory:

Armour
 a - a +1 robe (worn)
 b - a +0 shield (worn)
Jewellery
 f - an uncursed amulet of the gourmand {unknown}
 j - a cursed -2 ring of protection {unknown}
 k - an uncursed amulet of magic regeneration
 n - a cursed -3 ring of dexterity {unknown}
 s - the ring "Vurout" {MP+9 Dex+4, unknown}
   (You found it on level 4 of the Dungeon)

   [ring of magical power]

   It affects your dexterity (+4).
   It affects your magic capacity (+9).
 t - an uncursed ring of protection from cold {unknown}
Scrolls
 e - a scroll of remove curse
 l - 2 scrolls of teleportation
Potions
 c - a potion of might
 g - a potion of agility {unknown}
Comestibles
 d - 5 bread rations
 h - a royal jelly
 i - 2 meat rations
 o - 4 fruits


   Skills:
 + Level 3.1 Fighting
 + Level 3.3 Dodging
 + Level 0.2 Stealth
 + Level 3.6 Shields
 + Level 3.6 Unarmed Combat


You had 4 spell levels left.
You didn't know any spells.

Dungeon Overview and Level Annotations

Branches:
Dungeon (5/15)             Temple (0/1) D:4

Altars:
Ashenzari
Cheibriados
Makhleb
Zin


Innate Abilities, Weirdness & Mutations

You are too large for most types of armour.
You have claws for hands.
Your metabolism is lightning-fast.
You like to eat raw meat.
Your natural rate of healing is unusually fast.
You are covered in fur. (AC +1)
You have very tough skin. (AC +2)


Message History

The two-headed ogre closely misses you.
The two-headed ogre hits you but does no damage.
You barely miss the two-headed ogre.
The two-headed ogre is severely wounded.
The two-headed ogre barely misses you.
The two-headed ogre hits you with a giant spiked club!!
You are too injured to fight recklessly!
You are too injured to fight recklessly!
You are too injured to fight recklessly!
You are too injured to fight recklessly!
You are too injured to fight recklessly!
You are too injured to fight recklessly!
You scratch the two-headed ogre.
The two-headed ogre is severely wounded.
You claw the two-headed ogre!
The two-headed ogre is almost dead.
The two-headed ogre hits you with a giant club.
The two-headed ogre hits you with a giant spiked club!!
Ouch! That really hurt!
You die...

#.. #.# .... #.#
#..# #.# #..# ...
#..# #.# #..# #.#
#..##### #O#
#......#
#@#######.###.#
#.........# #.#
#.###########.#
#####.#...........#
###
.....#.###########
#.. ..##.#.# #.#
..##.#.# ##.##
#.##.#.#
###...#####
#>##.#†#


You could see a two-headed ogre.

Vanquished Creatures
  A hound (D:5)
  A bullfrog skeleton (D:4)
  A worker ant (D:4)
  3 gnolls (D:3)
  7 adders
  2 oozes (D:1)
  A dart slug (D:1)
  2 leopard geckos
  2 orcs (D:3)
  2 ball pythons
  10 bats
  3 giant cockroaches
  5 goblins
  7 hobgoblins
  2 jackals (D:2)
  10 kobolds
  3 quokkas
  4 frilled lizards
  A leopard gecko skeleton (D:4)
  5 rats
72 creatures vanquished.

Notes
Turn   | Place    | Note
-------+----------+-------------------------------------------
     0 | D:1      | ledodger the Troll Fighter began the quest for the Orb.
     0 | D:1      | Reached XP level 1. HP: 22/22 MP: 0/0
   180 | D:1      | Reached XP level 2. HP: 29/29 MP: 1/1
   429 | D:1      | Reached XP level 3. HP: 36/36 MP: 2/2
  1041 | D:2      | Found a snail-covered altar of Cheibriados.
  1204 | D:2      | Found a burning altar of Makhleb.
  1240 | D:2      | Reached XP level 4. HP: 45/45 MP: 3/3
  2013 | D:3      | Reached XP level 5. HP: 14/53 MP: 4/4
  2290 | D:3      | Found a glowing silver altar of Zin.
  2480 | D:4      | Found a staircase to the Ecumenical Temple.
  2517 | D:4      | Found a shattered altar of Ashenzari.
  2685 | D:4      | Got a brightly glowing ivory ring
  2861 | D:5      | Entered Level 5 of the Dungeon
  2916 | D:5      | Noticed a two-headed ogre
  2926 | D:5      | Demolished by a two-headed ogre

Skill      XL: |  1  2  3  4  5 |
---------------+----------------+-----
Fighting       | 3 |  3.1
Unarmed Combat | 3 |  3.6
Shields        | 3 |  3.6
Dodging        | 3 |  3.3
Stealth        | |  0.2

Action                   |  1- 3 |  4- 6 || total
-------------------------+-------+-------++-------
Melee: Unarmed           |    96 |   118 ||   214
  Use: Scroll            |     3 |     6 ||     9
       Potion            |       |     1 ||     1
 Stab: Sleeping          |       |     1 ||     1
  Eat: Chunk             |    17 |    15 ||    32
Armor: Robe              |    46 |    22 ||    68
Dodge: Dodged            |    27 |    33 ||    60
Block: Shield            |    39 |    62 ||   101
